 Dungeon Crawl Stone Soup version 0.24.0-13-gcf9b319 (webtiles) character file.

Game seed: 17623693138401376716, levelgen mode: deterministic

184 Fang the Skirmisher (level 5, -2/51 HPs)
             Began as a Gargoyle Berserker on Nov 19, 2019.
             Was a Believer of Trog.
             Killed by divine providence
             ... invoked by an orc priest
              (12 damage)
             ... on level 3 of the Dungeon.
             The game lasted 00:01:31 (1432 turns).

Fang the Skirmisher (Gargoyle Berserker)            Turns: 1432, Time: 00:01:32

Health: -2/51      AC: 13    Str: 27    XL:     5   Next: 63%
Magic:  5/5        EV:  9    Int:  7    God:    Trog [**....]
Gold:   85         SH:  0    Dex:  9    Spells: 4/4 levels left

rFire    . . .     SeeInvis .   a - +0 hand axe
rCold    . . .     Gourm    .   (no shield)
rNeg     + . .     Faith    .   b - +0 chain mail
rPois    ∞         Spirit   .   (no helmet)
rElec    +         Reflect  .   (no cloak)
rCorr    .         Harm     .   (no gloves)
MR       .....                  (no boots)
Stlth    ..........             (no amulet)
HPRegen  0.17/turn              (no ring)
MPRegen  0.09/turn              (no ring)

@: berserking, very quick
A: negative energy resistance 1, electricity resistance, unbreathing,
petrification resistance, rot immunity, AC +4
a: Berserk, Trog's Hand, Renounce Religion


You were on level 3 of the Dungeon.
You worshipped Trog.
Trog was pleased with you.
You were hungry.

You visited 1 branch of the dungeon, and saw 3 of its levels.

You collected 85 gold pieces.

Inventory:

Hand Weapons
 a - a +0 hand axe (weapon)
Armour
 b - a +0 chain mail (worn)
Scrolls
 d - a scroll of identify {unknown}
 h - 2 scrolls of fog {unknown}
 i - a scroll of enchant weapon {unknown}
 j - 2 scrolls of enchant armour {unknown}
 k - a scroll of immolation {unknown}
Potions
 e - a potion of berserk rage {unknown}
 f - 4 potions of agility {unknown}
 l - 2 potions of heal wounds {unknown}
 m - a potion of degeneration {unknown}
 n - a potion of magic {unknown}
 p - a potion of curing {unknown}
Comestibles
 c - 6 rations
 o - 3 chunks of flesh


   Skills:
 + Level 4.3 Fighting
 + Level 3.6 Axes
 + Level 3.5 Armour
 + Level 2.7 Dodging


You had 4 spell levels left.
You didn't know any spells.
Your spell library was empty.

Dungeon Overview and Level Annotations

Branches:
Dungeon (3/15)

Altars:


Innate Abilities, Weirdness & Mutations

You are resistant to torment.
Your stone body is resilient. (AC +4)
You are immune to poison.
You resist negative energy. (rN+)
You are resistant to electric shocks. (rElec)
You can survive without breathing.
You are immune to petrification.
You are immune to rotting.


Message History

The orc priest mumbles some strange prayers to Beogh against you.
Beogh smites you!
* * * LOW HITPOINT WARNING * * *
The orc priest hits you but does no damage.
Okay, then.
A red film seems to cover your vision as you go berserk!
You feel yourself moving faster!
You feel mighty!
You are feeling hungry.
The orc priest looks satisfied for a moment.
You hit the orc priest.
The orc priest is moderately wounded.
The orc priest hits you with a +0 flail.
* * * LOW HITPOINT WARNING * * *
Your chain mail prevents you from hitting the orc priest.
The orc priest is moderately wounded.
You slash the orc priest!
The orc priest is severely wounded.
The orc priest calls down the wrath of Beogh upon you.
Beogh smites you!
You die...

... ## #.###### #.
#....... #. #....... #.
#....... ### #. #.......
.?...#.###########.......
......ro@................
.....#)############......
... #. #...... . ..
#....() #.. #...... #..
#.^.... #.. #...... #..
#...... ###....


You could see an orc priest and a rat.

Vanquished Creatures
  An orc priest (D:3)
  Jessica (D:2)
  An orc wizard (D:3)
  3 adders (D:2)
  An ooze (D:1)
  2 worms (D:2)
  3 dart slugs
  2 leopard geckos (D:1)
  4 orcs (D:3)
  8 bats
  A giant cockroach (D:1)
  4 goblins
  8 hobgoblins
  2 jackals (D:2)
  6 kobolds
  A quokka (D:2)
  2 ball pythons
  3 frilled lizards
  4 rats
57 creatures vanquished.

Notes
Turn   | Place    | Note
-------+----------+-------------------------------------------
     0 | D:1      | Fang the Gargoyle Berserker began the quest for the Orb.
     0 | D:1      | Reached XP level 1. HP: 14/14 MP: 1/1
    30 | D:1      | Reached XP level 2. HP: 18/19 MP: 2/2
   370 | D:1      | Reached XP level 3. HP: 20/23 MP: 3/3
   511 | D:2      | Reached ** piety under Trog
   878 | D:2      | Noticed Jessica
   887 | D:2      | Killed Jessica
   887 | D:2      | Reached XP level 4. HP: 20/29 MP: 4/4
   890 | D:2      | Reached skill level 4 in Fighting
  1232 | D:2      | Reached XP level 5. HP: 28/33 MP: 5/5
  1432 | D:3      | Killed from afar by an orc priest

Levels and vault maps discovered:
D:1:      dpeg_arrival_tiny_b, layout_basic, kennysheep_nondescript,
          minmay_tall_x
D:2:      layout_rooms, small_statue_intersection, uniq_jessica
D:3:      layout_basic, first_ration, roderic_serpentine_path

Skill      XL: |  1  2  3  4 |
---------------+-------------+-----
Dodging        | 2 |  2.7
Axes           | 3 |  3.6
Armour         | 3 |  3.5
Fighting       | 4 |  4.3

Action                   |  1- 3 |  4- 6 || total
-------------------------+-------+-------++-------
Melee: Hand axe          |   123 |    92 ||   215
Invok: Berserk           |     1 |     1 ||     2
 Stab: Distracted        |     1 |       ||     1
  Eat: Chunk             |       |     3 ||     3
Armor: Animal skin       |    55 |     2 ||    57
       Chain mail        |       |    85 ||    85
Dodge: Dodged            |   102 |    50 ||   152
